 Dungeon Crawl Stone Soup version 0.31.0-32-g396128a36d (webtiles) character file.

Game seed: 5987426639288713919

102013 PaiMei the Lord of Darkness (level 15, -25/119 HPs)
             Began as a Demonspawn Necromancer on Apr 22, 2024.
             Was the Champion of Kikubaaqudgha.
             Annihilated by a bunyip (26 damage)
             ... on level 2 of the Swamp.
             The game lasted 01:34:15 (37994 turns).

PaiMei the Lord of Darkness (DsNe)                 Turns: 37994, Time: 01:34:15

Health: -25/119    AC: 17    Str: 11    XL:     15   Next: 85%
Magic:  36/41      EV: 19    Int: 29    God:    Kikubaaqudgha [******]
Gold:   2917       SH:  7    Dex: 23    Spells: 14/41 levels left

rFire   . . .        U - +4 flail "Ceoxo" {speed, Str+3 SInv}
rCold   . . .        c - +1 buckler {rPois}
rNeg    . . .        t - +2 ring mail of Asceticism {+Blink MP+9 Dex+3}
rPois   +            X - +2 helmet
rElec   .            M - +0 cloak
rCorr   .            j - +1 pair of gloves
SInv    +            Z - +0 pair of boots
Will    +....        l - amulet of regeneration
Stlth   ++           q - +6 ring of dexterity
HPRegen 1.19/turn    H - +6 ring of intelligence
MPRegen 0.54/turn

%: no passive effects
@: animating dead
A: claws 2, magic regeneration, sharp scales 2, demonic magic 3
a: Renounce Religion, Evoke Blink, Unearth Wretches, Torment, Brand Weapon With
Pain, Receive Forbidden Knowledge


You were on level 2 of the Swamp.
You worshipped Kikubaaqudgha.
Kikubaaqudgha was exalted by your worship.
You visited 5 branches of the dungeon, and saw 25 of its levels.
You also visited: Ice Cave.

You collected 2994 gold pieces.
You spent 77 gold pieces at shops.

Inventory:

Hand Weapons
 w - the +8 halberd "Mud Pie of Death" {freeze, *Corrode MP+9 SInv}
   (You found it on level 5 of the Lair of Beasts)

   MP+9:      It affects your magic capacity (+9).
   SInv:      It lets you see invisible.
   *Corrode:  It may corrode you when you take damage.
 U - the +4 flail "Ceoxo" (weapon) {speed, Str+3 SInv}
   (You found it on level 9 of the Dungeon)

   Str+3:     It affects your strength (+3).
   SInv:      It lets you see invisible.
Missiles
 a - 5 throwing nets
 p - a curare-tipped dart (quivered)
 W - 4 datura-tipped darts
Armour
 c - a +1 buckler of poison resistance (worn)
 j - a +1 pair of gloves (worn)
 k - a scarf of resistance
 t - the +2 ring mail of Asceticism (worn) {+Blink MP+9 Dex+3}
   (You found it on level 2 of the Dungeon)

   Dex+3:     It affects your dexterity (+3).
   MP+9:      It affects your magic capacity (+9).
   +Blink:    It lets you blink.
 M - a +0 cloak (worn)
 V - the +2 pair of gloves of Ashenzari's Envy {+Blink Will- Int+3}
   (You found it on level 10 of the Dungeon)

   Int+3:     It affects your intelligence (+3).
   Will-:     It decreases your willpower.
   +Blink:    It lets you blink.
 X - a +2 helmet (worn)
 Z - a +0 pair of boots (worn)
Magical Staves
 C - a staff of death
Jewellery
 l - an amulet of regeneration (around neck)
 m - a ring of flight
 q - a +6 ring of dexterity (left hand)
 u - a ring of willpower
 H - a +6 ring of intelligence (right hand)
 N - a ring of fire
 Y - a ring of positive energy
Wands
 B - a wand of digging (9)
 L - a wand of paralysis (28)
 P - a wand of roots (38)
 R - a wand of mindburst (26)
 T - a wand of quicksilver (11)
Scrolls
 e - 8 scrolls of revelation
 f - a scroll of brand weapon
 g - 6 scrolls of poison
 h - 5 scrolls of enchant armour
 i - 3 scrolls of vulnerability
 r - 13 scrolls of teleportation
 v - a scroll of enchant weapon
 x - 4 scrolls of fog
 y - 6 scrolls of immolation
 E - 4 scrolls of amnesia
 I - 3 scrolls of blinking
 J - a scroll of acquirement
 S - a scroll of summoning
Potions
 b - 3 potions of magic
 d - 2 potions of resistance
 n - 4 potions of brilliance
 o - 4 potions of might
 s - 3 potions of lignification
 z - 4 potions of heal wounds
 A - 7 potions of ambrosia
 D - 5 potions of curing
 F - 4 potions of attraction
 G - 3 potions of enlightenment
 K - a potion of cancellation
 O - 2 potions of invisibility
 Q - 7 potions of haste


   Skills:
 - Level 11.3 Fighting
 + Level 8.4 Maces & Flails
 + Level 3.4 Armour
 - Level 13.0 Dodging
 - Level 2.0 Stealth
 + Level 3.5 Shields
 + Level 13.5 Spellcasting
 + Level 16.2 Necromancy


You had 14 spell levels left.
You knew the following spells:

 Your Spells              Type           Power      Damage    Failure   Level
a - Necrotise             Necr           100%       1d9       0%          1
b - Vampiric Draining     Necr           85%        2d12      1%          3
c - Animate Dead          Necr           85%        N/A       1%          4
d - Curse of Agony        Necr           85%        N/A       1%          5
e - Dispel Undead         Necr           85%        3d27      1%          4
f - Anguish               Hex/Necr       30%        N/A       3%          4
g - Martyr's Knell        Necr/Summ      61%        N/A       3%          4
h - Sublimation of Blood  Necr           85%        N/A       0%          2

Your spell library contained the following spells:

 Spells                   Type           Power      Damage    Failure   Level
 Kiss of Death            Conj/Necr      100%       2d13      1%          1
 Cigotuvi's Dreadful Rot  Necr/Alch/Air  100%       N/A       1%          2
 Fugue of the Fallen      Necr           85%        N/A       1%          3
 Death Channel            Necr           42%        N/A       1%          6
 Freeze                   Ice            76%        1d8       9%          1
 Magic Dart               Conj           76%        1d6       9%          1
 Ensorcelled Hibernation  Hex/Ice        38%        N/A       13%         2
 Momentum Strike          Conj/Tloc      38%        3d9       13%         2
 Searing Ray              Conj           38%        2d5       13%         2
 Confusing Touch          Hex            19%        N/A       26%         3
 Frozen Ramparts          Ice            38%        1d6       26%         3
 Hailstorm                Conj/Ice       19%        3d7       26%         3
 Passwall                 Erth           19%        N/A       26%         3
 Stone Arrow              Conj/Erth      38%        3d9       26%         3
 Swiftness                Air            19%        N/A       26%         3
 Animate Armour           Summ/Erth      38%        N/A       63%         4
 Fulminant Prism          Conj/Alch      9%         3d7       63%         4
 Ignite Poison            Fire/Alch      19%        N/A       63%         4
 Leda's Liquefaction      Alch/Erth      9%         N/A       63%         4
 Olgreb's Toxic Radiance  Alch           19%        N/A       63%         4
 Petrify                  Alch/Erth      19%        N/A       63%         4
 Freezing Cloud           Conj/Ice/Air   9%         6-21      93%         5
 Irradiate                Conj/Alch      9%         3d14      93%         5
 Lee's Rapid Deconstruct  Erth           9%         3d7*      93%         5
 Bombard                  Conj/Erth      9%         9d2       100%        6
 Dispersal                Tloc           9%         N/A       100%        6
 Ozocubu's Refrigeration  Ice            9%         4d9       100%        7
 Discord                  Hex            9%         N/A       100%        8
 Disjunction              Tloc           9%         N/A       100%        8
 Lehudib's Crystal Spear  Conj/Erth      9%         10d4      100%        8


Dungeon Overview and Level Annotations

Branches:
Dungeon (15/15)            Temple (1/1) D:7            Lair (5/5) D:8
  Swamp (2/4) Lair:2       Spider (0/4) Lair:2        Slime (0/5) Lair:5
    Orc (2/2) D:10            Elf (0/3) Orc:2        Vaults (0/5) D:13
 Depths (0/4) D:15          IceCv (visited)

Altars:
Ashenzari
Cheibriados
Dithmenos
Fedhas
Gozag
Hepliaklqana
Kikubaaqudgha
Makhleb
Nemelex Xobeh
Okawaru
Qazlal
Ru
Sif Muna
Trog
Uskayaw
Vehumet
Wu Jian
Xom
Yredelemnul
Jiyva

Shops:
D:2 =*[*   D:6 :   D:7 *   D:10 (*   D:14 *   Orc:2 [(?=

Annotations:
D:9 Erolcha
Temple 4 transporters


Innate Abilities, Weirdness & Mutations

You have very sharp fingernails.
You regenerate magic rapidly.
You are mostly covered in razor-sharp scales. (AC +2, Slay +2)
Spells you cast and wands you use may paralyse nearby enemies.


Message History

You barely miss the will-o-the-wisp.
The will-o-the-wisp is severely damaged.
The will-o-the-wisp gestures.
The will-o-the-wisp conjures some marshlight! 2 foxfires come into view.
You barely miss the will-o-the-wisp.
The will-o-the-wisp is severely damaged.
The foxfire hits you! The foxfire hits you. The will-o-the-wisp misses you.
You barely miss the will-o-the-wisp.
The will-o-the-wisp is severely damaged.
You block the will-o-the-wisp's attack.
You hit the will-o-the-wisp but do no damage.
The will-o-the-wisp is severely damaged.
You barely miss the will-o-the-wisp.
The will-o-the-wisp is severely damaged.
The will-o-the-wisp blinks!
You climb downwards.
The bunyip claws you!
* * * LOW HITPOINT WARNING * * *
The bunyip claws you!!
* * * LOW HITPOINT WARNING * * *
The bunyip barely misses you.
There is a stone staircase leading up, spattered with blood here.
Casting: Vampiric Draining (safe; 1% risk of failure)
Confirm with . or Enter, or press ? or * to list all spells.
Aiming: Vampiric Draining (safe; 1% risk of failure)
Press: ? - help, Shift-Dir - straight line, f - bunyip
Aim: a bunyip You draw life force from the bunyip!
You feel life coursing into your body! Malevolent energies surge around you.
The bunyip suddenly stops moving!
The helpless bunyip fails to defend itself.
You hit the bunyip.
The bunyip is moderately wounded.
The helpless bunyip fails to defend itself.
You sock the bunyip!
The bunyip is moderately wounded.
The bunyip is no longer paralysed.
The bunyip claws you!!
* * * LOW HITPOINT WARNING * * *
The bunyip closely misses you. The bunyip claws you!!
You die...
Kikubaaqudgha rasps: "You have failed me!
Welcome... death!"

♣♣♣♣ ♣♣♣♣♣
.♣♣♣...♣♣.~.~♣♣
.~..≈≈≈.~.~~>~♣
♣~..≈≈≈≈≈..~~~.♣♣
♣~..
♣..≈≈≈≈≈≈≈~~~...♣♣
..~~.~
♣.≈≈≈≈≈≈≈.~~~~~.~♣
.~~~..
..≈≈≈≈≈≈...~§~~~.♣
~~..~.
~.≈≈≈≈≈.@..§.....♣
~~~~~~
~.≈≈≈≈≈≈.x..~.~~.~
~~~~~~
~.≈≈≈≈≈≈...~~.~~~.
~~~~§~
.~.≈≈≈≈..~.~..~~~~
~~~~..
?...≈≈.♣♣♣~~~~...~
....♣ ...♣♣♣♣
♣♣~§§...~ ♣♣♣♣♣ ♣.
..[~§.~ ..~§~~.
♣.~~~.♣


You could see a bunyip.

Vanquished Creatures
  A tengu reaver (D:13)
  Kirke (Lair:5)
  An orc warlord (Orc:1)
  2 eleionomae
  A bunyip (Swamp:1)
  A fire dragon (D:15)
  An ice dragon (Lair:4)
  6 hydras
  An alligator (Swamp:2)
  3 ghost crabs
  An ogre mage (D:15)
  The ghost of MollyMolluskus the Martial Artist, a journeyman OpFi of Wu Jian (D:10)
  A centaur warrior (D:13)
  4 boulder beetles
  6 death yaks
  10 two-headed ogres
  2 orc high priests (Orc:2)
  3 skysharks
  4 skeletal warriors (D:15)
  A goliath frog (Swamp:2)
  2 bog bodies (Swamp:1)
  A swamp dragon (Swamp:1)
  Pikel (D:7)
  2 deep elf pyromancers
  An orc knight (Orc:2)
  3 orc sorcerers (Orc:2)
  2 manticores
  An ugly thing (IceCv)
  3 cyclopes
  Maurice (D:7)
  7 kobold blastminers
  3 meliai (Lair:4)
  2 black mambas
  A torpor snail (Lair:3)
  An elephant (D:8)
  Joseph (D:7)
  3 unseen horrors
  7 cane toads
  2 gargoyles (D:12)
  A kobold demonologist (D:12)
  An efreet (D:14)
  A tengu conjurer (D:15)
  5 komodo dragons
  6 rime drakes
  A queen bee (Lair:4)
  A polar bear (Lair:4)
  A polar bear (shapeshifter) (D:15)
  7 trolls
  A hornet (Swamp:1)
  3 tyrant leeches
  Prince Ribbit (D:8)
  9 blink frogs
  A raiju (Orc:1)
  A snapping turtle (Lair:5)
  17 slime creatures
  A spriggan (Swamp:1)
  3 culicivoras (Lair:2)
  5 wraiths
  26 yaks
  2 shadows
  A hog (Lair:5)
  Grum (D:9)
  5 basilisks
  4 wyverns
  A warg (Orc:2)
  A steam dragon (Lair:5)
  8 vampire mosquitoes
  4 swamp worms
  An acid dragon (D:9)
  30 orc warriors
  5 water moccasins
  2 sky beasts
  A swamp drake (Swamp:1)
  3 black bears
  4 laughing skulls
  8 ogres
  16 wolves
  A phantom (D:4)
  7 centaurs
  2 kobold brigands (D:12)
  11 bullfrogs
  3 scorpions
  A gnoll sergeant (D:7)
  9 wights
  A burial acolyte (D:9)
  31 killer bees
  5 electric eels
  2 bombardier beetles
  25 orc priests
  2 jellies
  4 hounds
  A sleepcap (D:5)
  Terence (D:2)
  3 iguanas
  26 orc wizards
  3 hell rats (Lair:2)
  2 polar bear simulacra (IceCv)
  17 gnolls
  6 adders
  13 river rats (Lair:2)
  2 ufetubi (D:6)
  2 adder zombies (D:9)
  3 dart slugs
  76 orcs
  5 bats
  3 endoplasms
  10 giant cockroaches
  12 goblins
  7 hobgoblins
  8 jackals
  4 kobolds
  11 quokkas
  11 ball pythons
  3 frilled lizards (D:1)
  2 jackal zombies (D:9)
  19 rats
638 creatures vanquished.

Vanquished Creatures (collateral kills)
  2 alligators (Swamp:1)
  An ice dragon (D:15)
  5 hydras
  A merfolk avatar (Lair:5)
  2 boulder beetles (D:12)
  2 two-headed ogres
  An occultist (D:15)
  2 skysharks
  A sea snake (Lair:5)
  A goliath frog (Swamp:1)
  2 bog bodies (Swamp:1)
  2 harpies (Lair:5)
  A will-o-the-wisp (Swamp:1)
  2 elephants (Lair:5)
  2 rime drakes (Lair:5)
  An orange demon (Orc:1)
  2 cane toads
  3 komodo dragons
  2 polar bears
  7 blink frogs
  A hornet (Swamp:1)
  A wraith (D:11)
  6 slime creatures
  A spriggan (Swamp:1)
  6 wyverns (Lair:5)
  A fire elemental (Lair:3)
  A basilisk (Lair:3)
  A fire bat (Orc:1)
  2 hogs (Lair:5)
  A warg (Orc:1)
  15 yaks
  A steam dragon (D:8)
  A swamp worm (Lair:2)
  A hell hound (Orc:1)
  2 water moccasins
  A swamp drake (Swamp:1)
  An ogre (Orc:2)
  2 orc warriors
  A sky beast (D:8)
  A centaur (D:13)
  2 wolves (Lair:2)
  A kobold brigand (D:12)
  2 bullfrogs
  A killer bee (D:8)
  An electric eel (Lair:2)
  A howler monkey (D:8)
  2 orc priests
  A jelly (D:6)
  2 orc wizards
  2 hell rats (Lair:2)
  An adder (D:2)
  A river rat (Lair:2)
  6 orcs
  A goblin (D:6)
  A hobgoblin (D:1)
  A kobold (D:12)
  3 quokkas (Lair:2)
  4 rats
122 creatures vanquished.

Vanquished Creatures (others)
  A goliath frog zombie (Swamp:2)
  A will-o-the-wisp (Swamp:1)
  2 death yak zombies (Lair:3)
  6 hydra zombies
  A bloated husk (Swamp:1)
  A culicivora zombie (Lair:2)
  2 humans (Lair:5)
  A swamp worm (Swamp:1)
  2 ogre zombies (D:15)
  2 two-headed ogre zombies
  3 blink frog zombies (Lair:4)
  A rime drake zombie (Lair:3)
  A komodo dragon zombie (Lair:3)
  A troll zombie (D:12)
  3 yak zombies (Lair:3)
  4 wolf zombies (Lair:5)
  2 bullfrog zombies (D:8)
  2 centaur zombies (D:13)
  A basilisk zombie (Lair:1)
  A howler monkey zombie (D:8)
  3 orcs
  An orc zombie (Orc:2)
  22 foxfires
64 creatures vanquished.

Grand Total: 824 creatures vanquished

Notes
Turn   | Place    | Note
-------+----------+-------------------------------------------
     0 | D:1      | PaiMei the Demonspawn Necromancer began the quest for the
                  | Orb.
     0 | D:1      | Reached XP level 1. HP: 13/13 MP: 3/3
     5 | D:1      | Found a faded altar of an unknown god.
   205 | D:1      | Gained mutation: You are partially covered in razor-sharp
                  | scales. (AC +1, Slay +1) [demonic ancestry]
   205 | D:1      | Reached XP level 2. HP: 6/19 MP: 0/5
   833 | D:1      | Gained mutation: Spells you cast may paralyse adjacent
                  | enemies. [demonic ancestry]
   833 | D:1      | Reached XP level 3. HP: 25/25 MP: 3/6
  1024 | D:1      | Learned a level 3 spell: Vampiric Draining
  1393 | D:2      | Found Siubbova's Jewellery Boutique.
  1399 | D:2      | Found Vokhuol's Assorted Antiques.
  1425 | D:2      | Found Mecheneipt's General Store.
  1457 | D:2      | Reached skill level 1 in Fighting
  1571 | D:2      | Identified the +2 ring mail of Asceticism {+Blink MP+9
                  | Dex+3}
  1571 | D:2      | Noticed Terence
  1602 | D:2      | Reached XP level 4. HP: 32/32 MP: 2/7
  1602 | D:2      | Found Vare's Armour Shop.
  1610 | D:2      | Reached skill level 5 in Necromancy
  1952 | D:3      | Noticed a water moccasin
  2450 | D:3      | Gained mutation: You regenerate magic rapidly. [demonic
                  | ancestry]
  2450 | D:3      | Reached XP level 5. HP: 38/38 MP: 2/9
  2697 | D:3      | Killed a water moccasin
  2698 | D:3      | Reached XP level 6. HP: 46/46 MP: 0/11
  2799 | D:2      | Killed Terence
  2895 | D:2      | Learned a level 4 spell: Animate Dead
  3329 | D:3      | Found a snail-covered altar of Cheibriados.
  3818 | D:4      | Found a sparkling altar of Nemelex Xobeh.
  4037 | D:4      | Reached skill level 6 in Necromancy
  4187 | D:4      | Reached XP level 7. HP: 51/52 MP: 12/12
  4282 | D:4      | You fall into a shaft and drop 2 floors!
  4401 | D:5      | Entered Level 5 of the Dungeon
  4620 | D:5      | Reached XP level 8. HP: 60/60 MP: 9/14
  4745 | D:5      | Reached skill level 7 in Necromancy
  5198 | D:4      | Found a bloodstained altar of Trog.
  5592 | D:5      | Found a hazy altar of Hepliaklqana.
  5821 | D:6      | Found Geher's Book Emporium.
  5865 | D:6      | Reached skill level 5 in Spellcasting
  5868 | D:6      | Reached skill level 5 in Dodging
  6098 | D:6      | Reached skill level 5 in Fighting
  6400 | D:6      | Found a broken altar of Ashenzari.
  6598 | D:6      | Found a sacrificial altar of Ru.
  7045 | D:7      | Gained mutation: You are mostly covered in razor-sharp
                  | scales. (AC +2, Slay +2) [demonic ancestry]
  7045 | D:7      | Reached XP level 9. HP: 52/68 MP: 14/17
  7111 | D:7      | Found a hide-covered altar of Uskayaw.
  7111 | D:7      | Found a radiant altar of Vehumet.
  7306 | D:7      | Noticed Maurice
  7325 | D:7      | Reached skill level 8 in Necromancy
  7396 | D:7      | Found a staircase to the Ecumenical Temple.
  7419 | D:7      | Found Acsuhorch's General Store.
  7622 | D:7      | Noticed Pikel
  7623 | D:7      | Noticed Joseph
  8167 | D:7      | Paralysed by Pikel for 3 turns
  8178 | D:7      | Paralysed by Pikel for 3 turns
  8182 | D:7      | Killed Pikel
  8198 | Temple   | Found a transporter.
  8198 | Temple   | Found a transporter.
  8198 | Temple   | Found a transporter.
  8198 | Temple   | Found a transporter.
  8198 | Temple   | Entered the Ecumenical Temple
  8454 | D:7      | Bought a scroll of teleportation for 45 gold pieces
  8493 | D:7      | Killed Maurice
  8628 | D:7      | Found an iron altar of Okawaru.
  8670 | D:6      | Learned a level 4 spell: Dispel Undead
  8688 | D:6      | Learned a level 5 spell: Curse of Agony
  8741 | D:7      | Killed Joseph
  8742 | D:7      | Reached skill level 9 in Necromancy
  8949 | D:8      | Gained mutation: You have sharp fingernails. [demonic
                  | ancestry]
  8949 | D:8      | Reached XP level 10. HP: 78/79 MP: 14/20
  9115 | D:8      | Noticed Prince Ribbit
  9124 | D:8      | Killed Prince Ribbit
  9415 | D:8      | Noticed an elephant
  9424 | D:8      | Killed an elephant
  9509 | D:8      | Found a staircase to the Lair.
 10122 | D:9      | Reached skill level 10 in Necromancy
 10123 | D:9      | Identified the +4 flail "Ceoxo" {speed, Str+3 SInv}
 10224 | D:9      | Noticed Grum
 10263 | D:9      | Killed Grum
 10348 | D:9      | Gained mutation: Spells you cast may paralyse nearby
                  | enemies. [demonic ancestry]
 10348 | D:9      | Reached XP level 11. HP: 87/87 MP: 18/23
 10969 | D:9      | Found an ornate altar of the Wu Jian Council.
 10999 | D:9      | Noticed Erolcha
 11208 | D:9      | Found an ancient bone altar of Kikubaaqudgha.
 11222 | D:9      | Became a worshipper of Kikubaaqudgha
 11510 | D:10     | Entered Level 10 of the Dungeon
 11510 | D:10     | Identified the +4 dire flail "Iseu" {flame, rF+ Str+8
                  | Int-3}
 11510 | D:10     | Noticed a two-headed ogre
 11510 | D:10     | Noticed MollyMolluskus's ghost (journeyman OpFi)
 11510 | D:10     | Found a transporter.
 11511 | D:10     | Noticed a two-headed ogre
 11512 | D:10     | Found a transporter.
 11512 | D:10     | Noticed a two-headed ogre
 11513 | D:10     | Noticed a two-headed ogre
 11541 | D:10     | Noticed a two-headed ogre
 11550 | D:10     | Killed a two-headed ogre
 11716 | D:10     | Found Ykoanoir's General Store.
 11797 | D:10     | Identified the +2 pair of gloves of Ashenzari's Envy
                  | {+Blink Will- Int+3}
 11943 | D:10     | Found Kacereas's Weapon Emporium.
 12014 | D:10     | Found a staircase to the Orcish Mines.
 12018 | D:10     | Got the Tractate on Places
 12102 | D:10     | Reached * piety under Kikubaaqudgha
 12102 | D:10     | Received a gift from Kikubaaqudgha
 12114 | D:10     | Reached skill level 11 in Necromancy
 12412 | D:11     | Noticed a two-headed ogre
 12424 | D:11     | Killed a two-headed ogre
 12697 | D:11     | Noticed a two-headed ogre
 12707 | D:11     | Killed a two-headed ogre
 13691 | Lair:1   | Entered Level 1 of the Lair of Beasts
 13847 | Lair:1   | Reached XP level 12. HP: 97/97 MP: 25/25
 13997 | Lair:1   | Reached skill level 10 in Fighting
 14306 | Lair:1   | Reached ** piety under Kikubaaqudgha
 14558 | Lair:2   | Reached skill level 12 in Necromancy
 14583 | Lair:2   | Noticed a seven-headed hydra
 14595 | Lair:2   | Killed a seven-headed hydra
 15261 | Lair:2   | Reached *** piety under Kikubaaqudgha
 15261 | Lair:2   | Received a gift from Kikubaaqudgha
 15350 | Lair:2   | Reached skill level 10 in Spellcasting
 15404 | Lair:2   | Found a hole to the Spider Nest.
 15430 | Lair:2   | Reached skill level 10 in Dodging
 16126 | Lair:2   | Noticed a five-headed hydra
 16127 | Lair:2   | Noticed a five-headed hydra
 16207 | Lair:2   | Killed a five-headed hydra
 16499 | Lair:2   | Found a staircase to the Swamp.
 16504 | Lair:2   | Killed a five-headed hydra
 17067 | Lair:3   | Identified a scroll of acquirement
 17169 | Lair:3   | Noticed a seven-headed hydra
 17177 | Lair:3   | Killed a seven-headed hydra
 17404 | Lair:3   | Gained mutation: Spells you cast and wands you use may
                  | paralyse nearby enemies. [demonic ancestry]
 17404 | Lair:3   | Reached XP level 13. HP: 75/106 MP: 27/27
 17461 | Lair:3   | Reached skill level 13 in Necromancy
 18477 | Lair:3   | Reached skill level 1 in Maces & Flails
 18674 | Lair:4   | Identified the +1 leather armour of Protective Custody
                  | {+Blink Str+3 Dex-5 SInv}
 19215 | Lair:4   | Reached **** piety under Kikubaaqudgha
 21950 | Lair:5   | Entered Level 5 of the Lair of Beasts
 22185 | Lair:5   | Reached skill level 14 in Necromancy
 22219 | Lair:5   | Found a viscous altar of Jiyva.
 22220 | Lair:5   | Found a staircase to the Slime Pits.
 22225 | Lair:5   | Reached ***** piety under Kikubaaqudgha
 22474 | Lair:5   | Reached XP level 14. HP: 113/113 MP: 29/29
 22597 | Lair:5   | Noticed Kirke
 22724 | Lair:5   | Killed Kirke
 23194 | Lair:5   | Reached skill level 5 in Maces & Flails
 23802 | Lair:5   | Identified the +8 halberd "Mud Pie of Death" {freeze,
                  | *Corrode MP+9 SInv}
 27222 | D:13     | Found a gate to the Vaults.
 27222 | D:13     | Noticed a tengu reaver
 27362 | D:13     | Killed a tengu reaver
 27363 | D:13     | Reached skill level 15 in Necromancy
 29195 | D:14     | Found Aaumecets's Alliterative Armaments.
 29353 | D:15     | Entered Level 15 of the Dungeon
 29381 | D:15     | Found a radiant altar of Vehumet.
 29951 | D:15     | Found a staircase to the Depths.
 30103 | D:15     | Gained mutation: You have very sharp fingernails. [demonic
                  | ancestry]
 30103 | D:15     | Reached XP level 15. HP: 99/119 MP: 31/31
 31224 | Orc:1    | Entered Level 1 of the Orcish Mines
 31339 | Orc:1    | Found a shimmering altar of Xom.
 31514 | Orc:2    | Entered Level 2 of the Orcish Mines
 31708 | Orc:2    | Found a frozen archway.
 31756 | IceCv    | Entered an ice cave
 31769 | IceCv    | Found a transporter.
 31778 | IceCv    | Found a transporter.
 32511 | Orc:2    | Found a staircase to the Elven Halls.
 32684 | Orc:2    | Found Loroo's Antique Weapon Boutique.
 32698 | Orc:2    | Reached skill level 1 in Armour
 32698 | Orc:2    | Found Moewix's Antique Armour Shop.
 32702 | Orc:2    | Reached ****** piety under Kikubaaqudgha
 32703 | Orc:2    | Reached skill level 1 in Shields
 33092 | Orc:2    | Found a burning altar of Makhleb.
 33293 | Orc:2    | Found Hawa's Jewellery Boutique.
 33510 | Orc:2    | Found Heemacant's Magic Scroll Boutique.
 34321 | D:10     | Learned a level 4 spell: Anguish
 34326 | D:10     | Learned a level 4 spell: Martyr's Knell
 34329 | D:10     | Learned a level 2 spell: Sublimation of Blood
 34341 | D:10     | Killed MollyMolluskus's ghost
 34836 | D:10     | Bought a scroll of identify for 32 gold pieces
 35074 | Swamp:1  | Entered Level 1 of the Swamp
 35470 | Swamp:1  | Reached skill level 16 in Necromancy
 36169 | Swamp:1  | HP: 1/119 [will-o-the-wisp/foxfire (22)]
 37994 | Swamp:2  | HP: 1/119 [bunyip (20)]
 37994 | Swamp:2  | Annihilated by a bunyip

Illustrated notes

Levels and vault maps discovered:
D:1:      dpeg_arrival_long_road, layout_loops_ring, basic_ecumenical_altar
D:2:      layout_rooms, serial_shops, shop, nicolae_shop_back_alley_shop,
          nicolae_shop_hallway_plus, nicolae_shop_gibbet_a_chance, uniq_terence
D:3:      layout_basic, cheibriados_altar_1, serial_bayou_crossing
D:4:      layout_loops_ring, trog_butcher_becter,
          nemelex_xobeh_ov_fountains_minmay, kennysheep_generic_room_10
D:5:      layout_basic, worldfamousw_hep_ancestral_shrine,
          minmay_curled_crystal, dk_rats_in_the_wall
D:6:      layout_basic, amcnicky_altar_gilded,
          nicolae_ru_great_annihilating_truth, serial_shops, shop,
          gup_sewer_entry_spiral, minmay_ogre_servants
D:7:      minmay_evil_eye, layout_cave_pools,
          hellmonk_okawaru_the_only_friend_you_need,
          nicolae_overflow_two_pavilions, temple_pool_b, serial_shops,
          shop_statue, nicolae_concentric_dashed_squares_mild, uniq_pikel,
          uniq_maurice, uniq_joseph
D:8:      layout_basic, grunt_lair_entry_orc_guard_hut, uniq_prince_ribbit1
D:9:      layout_loops_ring, nicolae_overflow_crystal_walls,
          lemuel_zombie_altar_kikubaaqudgha, uniq_grum, uniq_erolcha
D:10:     minmay_general_purpose_star, layout_irregular_city, orc_david_3,
          gammafunk_ghost_smash, kennysheep_small_square
D:11:     layout_rooms
D:12:     layout_irregular_city
D:13:     layout_cave_pods, hellmonk_vaults_attempted_burglary
D:14:     minmay_goldmine, layout_loops_ring, serial_bayou_shore_b,
          monkooky_shop_alliterative
D:15:     grunt_enter_depths_hoard, layout_loops_ring, nicolae_vehumet_radiance
Temple:   hellmonk_temple_divided_pantheon
Lair:1:   layout_loops_ring
Lair:2:   lemuel_ratsnest, layout_gridlike, palyth_hydra_swamp_entry,
          hellmonk_spider_entry_life_and_decay, chequers_serial_rivers_marsh,
          minivault_24
Lair:3:   layout_gridlike, grunt_megastairs_2
Lair:4:   dragon1_lemuel, layout_loops_ring, special_room [special_room_bee],
          serial_bayou_shore_a
Lair:5:   gammafunk_lair_ancient_temple, layout_hall_layers,
          minmay_slime_entry_pillars, uniq_kirke
Swamp:1:  layout_basic_swamp, evilmike_swamp_ruin_house_4, swamp_pool_1_2
Swamp:2:  layout_basic_swamp, nicolae_swamp_little_tower,
          infiniplex_staircase_pool
Orc:1:    nicolae_orc_accident_2, layout_diamond_mine, regret_index_xom_of_box
Orc:2:    grunt_orc_community_town_hall, layout_caves,
          grunt_orc_community_big_house_2, grunt_orc_community_big_house_2,
          grunt_orc_community_house_2, grunt_orc_community_house_3,
          grunt_orc_community_house_2, grunt_orc_community_house_2,
          grunt_orc_community_house_1, grunt_orc_community_house_3,
          portal_ice_cave_rime, bloody_makhleb

Skill      XL: |  1  2  3  4  5  6  7  8  9 10 11 12 13 14 15 |
---------------+----------------------------------------------+-----
Stealth        | 2 |  2.0
Dodging        | 2 3 4 5 6 8 9 10 11 12 13 | 13.0
Fighting       | 1 2 3 4 5 7 8 9 11 | 11.3
Necromancy     | 5 6 7 9 10 11 12 14 15 16 | 16.2
Spellcasting   | 3 4 5 6 8 9 10 11 12 13 | 13.5
Maces & Flails | 4 7 8 |  8.4
Armour         | 3 |  3.4
Shields        | 3 |  3.5

Action                     |  1- 3 |  4- 6 |  7- 9 | 10-12 | 13-15 || total
---------------------------+-------+-------+-------+-------+-------++-------
  Melee: Spear             |    26 |     8 |       |       |       ||    34
         Dagger            |       |    22 |    45 |       |       ||    67
         Punch             |       |       |     2 |     8 |       ||    10
         Short sword       |       |       |    49 |    49 |       ||    98
         Flail             |       |       |       |   381 |   601 ||   982
  Throw: Dart              |       |       |       |       |     1 ||     1
   Cast: Necrotise         |    74 |    66 |   136 |    51 |   118 ||   445
         Vampiric Draining |       |    13 |    84 |   228 |   429 ||   754
         Dispel Undead     |       |       |     3 |    16 |    40 ||    59
         Animate Dead      |       |       |       |    11 |    26 ||    37
         Curse of Agony    |       |       |       |    36 |    90 ||   126
  Evoke: Wand              |       |       |       |       |     3 ||     3
    Use: Scroll            |       |       |       |    23 |     9 ||    32
         Potion            |       |       |       |       |     6 ||     6
   Stab: Paralysed         |       |       |    33 |   161 |   260 ||   454
         Distracted        |       |       |       |     3 |     3 ||     6
 Armour: Robe              |    22 |    14 |       |       |       ||    36
         Ring mail         |       |    17 |    85 |   444 |   534 ||  1080
  Dodge: Dodged            |    45 |    22 |    67 |   416 |   615 ||  1165
  Block: Buckler           |       |       |       |    36 |   236 ||   272
